 Dungeon Crawl Stone Soup version 0.23.0 (webtiles) character file.

Game seed: 15788271163998046986

173275 platypusbestpuss the Peltast (level 18, -14/130 HPs)
             Began as an Octopode Venom Mage on Feb 19, 2019.
             Was the Champion of Nemelex Xobeh.
             Killed from afar by a Hell Sentinel (39 damage)
             ... with damnation
             ... summoned by a ghostly deep elf demonologist
             ... on level 3 of the Elven Halls.
             The game lasted 01:58:13 (49563 turns).

platypusbestpuss the Peltast (Octopode Venom Mage) Turns: 49563, Time: 01:58:14

Health: -14/130    AC:  1    Str: 13    XL:     18   Next: 5%
Magic:  0/42       EV: 19    Int: 19    God:    Nemelex Xobeh [******]
Gold:   500        SH: 21    Dex: 12    Spells: 3/33 levels left

rFire    + . .     SeeInvis .   W - +5 demon whip (flame)
rCold    + + +     Gourm    .   V - +4 shield {rF+}
rNeg     + + .     Faith    .   I - +0 hat
rPois    .         Spirit   +   m - amulet of guardian spirit
rElec    .         Reflect  .   n - ring of protection from cold
rCorr    .         Harm     .   F - ring of magical power
MR       +....                  o - ring of protection from cold
Stlth    +++.......             e - ring of the Invisible Gods {Wiz rC+ Int+2 Dex-3}
HPRegen  0.31/turn              G - ring of positive energy
MPRegen  0.28/turn              E - ring of positive energy
                                (no ring)
                                (no ring)

@: very slightly contaminated, deflect missiles
A: almost no armour, stealthy swim, amphibious, 8 rings, constrict 8, large bone
plates 1, camouflage 1, high mp 1, gelatinous body 1
a: Draw Escape, Draw Destruction, Draw Summoning, Triple Draw, Deal Four, Stack
Five, Renounce Religion


You were on level 3 of the Elven Halls.
You worshipped Nemelex Xobeh.
Nemelex Xobeh was exalted by your worship.
You were not hungry.

You visited 4 branches of the dungeon, and saw 26 of its levels.
You also visited: Ossuary, Gauntlet, Ice Cave and Volcano.

You collected 2798 gold pieces.
You spent 2298 gold pieces at shops.

Inventory:

Hand Weapons
 d - a +0 demon whip of electrocution
 K - a +3 antimagic flail
 Q - a +4 eveningstar of flaming
 S - the +1 spear "Kuirra" {drain, +Fly rC+ SInv}
   (You bought it in a shop on level 5 of the Dungeon)

   A truly terrible weapon, it drains the life of those it strikes.
   It protects you from cold.
   It lets you see invisible.
   It lets you fly.
 W - a +5 demon whip of flaming (weapon)
Missiles
 y - 7 throwing nets (quivered) {!f}
Armour
 I - a +0 hat (worn)
 V - a +4 shield of fire resistance (worn)
Magical Staves
 s - an uncursed staff of air
Jewellery
 a - the amulet "Zyatz" {Gourm Dex+2 Slay+2}
   (You found it in a Gauntlet)

   [amulet of the gourmand]

   It allows you to eat raw meat even when not hungry.
   It affects your dexterity (+2).
   It affects your accuracy and damage with ranged weapons and melee attacks
   (+2).
 e - the ring of the Invisible Gods (on tentacle) {Wiz rC+ Int+2 Dex-3}
   (You found it in a Gauntlet)

   [ring of wizardry]

   It improves your spell success rate.
   It affects your intelligence (+2).
   It affects your dexterity (-3).
   It protects you from cold.
 m - an amulet of guardian spirit (around mantle)
 n - a ring of protection from cold (left tentacle)
 o - a ring of protection from cold (on tentacle)
 E - a ring of positive energy (on tentacle)
 F - a ring of magical power (right tentacle)
 G - a ring of positive energy (on tentacle)
 R - the ring "Gyamyvvo" {+Fly Int+2 Stlth-}
   (You took it off a minotaur in a Gauntlet)

   [ring of attention]

   It affects your intelligence (+2).
   It lets you fly.
   It makes you less stealthy.
Wands
 c - a wand of scattershot (2)
 h - a wand of disintegration (11)
 i - a wand of enslavement (12)
 j - a wand of iceblast (8)
 D - a wand of paralysis (5)
 M - a wand of digging (8)
 X - a wand of acid (9)
 Y - a wand of clouds (10)
Scrolls
 f - 18 scrolls of remove curse {@r2}
 l - a scroll of holy word
 q - 9 scrolls of teleportation {@r3}
 r - 3 scrolls of magic mapping
 w - 2 scrolls of silence
 H - 2 scrolls of blinking
 J - 2 scrolls of fear
 T - 5 scrolls of fog
 U - 2 scrolls of summoning
Potions
 g - 2 potions of invisibility
 k - 6 potions of might
 p - 2 potions of berserk rage
 t - 2 potions of cancellation
 u - 2 potions of mutation
 x - 6 potions of lignification
 z - 11 potions of curing {@q1}
 A - 6 potions of magic
 B - 5 potions of agility
 C - 5 potions of brilliance
 L - 4 potions of heal wounds
 N - 3 potions of resistance
 O - 3 potions of haste
Miscellaneous
 P - a box of beasts
 Z - a phantom mirror
Comestibles
 b - 27 rations


   Skills:
 + Level 13.7 Fighting
   Level 1.9 Long Blades
 - Level 12.0 Maces & Flails
 - Level 11.0 Dodging
 - Level 4.0 Stealth
 - Level 15.0 Shields
 - Level 8.0 Spellcasting
 - Level 1.0 Conjurations
 - Level 4.0 Hexes
 - Level 5.0 Charms
 + Level 9.2 Summonings
 - Level 3.4 Necromancy
 - Level 4.0 Translocations
 - Level 6.0 Air Magic
 - Level 5.0 Poison Magic
 - Level 9.4 Invocations
 - Level 5.0 Evocations


You had 3 spell levels left.
You knew the following spells:

 Your Spells              Type           Power        Failure   Level  Hunger
a - Regeneration          Chrm/Necr      ###.......   1%          3    None
b - Mephitic Cloud        Conj/Pois/Air  ###.....     2%          3    None
c - Summon Lightning Spi  Summ/Air       #####...     1%          4    ###....
d - Summon Forest         Summ/Tloc      ####......   7%          5    #####..
e - Blink                 Tloc           N/A          1%          2    None
f - Apportation           Tloc           ###...       1%          1    None
g - Animate Skeleton      Necr           N/A          1%          1    None
h - Silence               Hex/Air        ####......   13%         5    #####..
i - Deflect Missiles      Chrm/Air       ####......   47%         6    ######.

Your spell library contained the following spells:

 Spells                   Type           Power        Failure   Level  Hunger
 Confusing Touch          Hex            ###...       1%          1    None
 Infusion                 Chrm           ####         1%          1    None
 Sting                    Conj/Pois      ###.         1%          1    None
 Summon Small Mammal      Summ           ####         1%          1    None
 Call Imp                 Summ           #####...     1%          2    None
 Poisonous Vapours        Pois/Air       ####..       1%          2    None
 Shroud of Golubria       Chrm/Tloc      ###.......   1%          2    None
 Slow                     Hex            ###.....     1%          2    None
 Song of Slaying          Chrm           ####....     1%          2    None
 Spectral Weapon          Hex/Chrm       ###.....     1%          3    None
 Magic Dart               Conj           ##..         2%          1    None
 Confuse                  Hex            ###.....     2%          3    None
 Gell's Gravitas          Tloc           ###.......   2%          3    None
 Beastly Appendage        Tmut           #.....       3%          1    None
 Flame Tongue             Conj/Fire      #....        3%          1    None
 Sandblast                Erth           #.....       3%          1    None
 Dazzling Spray           Conj/Hex       ###...       4%          3    None
 Spider Form              Tmut/Pois      ###.......   4%          3    None
 Passwall                 Tmut/Erth      #.......     6%          2    None
 Sticks to Snakes         Tmut           #.......     6%          2    None
 Conjure Flame            Conj/Fire      #.......     9%          3    None
 Stone Arrow              Conj/Erth      #.....       9%          3    None
 Olgreb's Toxic Radiance  Pois           ####....     4%          4    ###....
 Cause Fear               Hex            ###.......   7%          4    ###....
 Force Lance              Conj/Tloc      ###.....     13%         4    ###....
 Sticky Flame             Conj/Fire      #.......     28%         4    ###....
 Venom Bolt               Conj/Pois      ###.......   28%         5    #####..
 Ice Form                 Ice/Tmut       #.......     32%         4    ###....
 Petrify                  Tmut/Erth      #.......     32%         4    ###....
 Metabolic Englaciation   Hex/Ice        ###.......   38%         5    #####..
 Yara's Violent Unravell  Hex/Tmut       ###.......   38%         5    #####..
 Blade Hands              Tmut           #.........   65%         5    #####..
 Lee's Rapid Deconstruct  Erth           #.........   65%         5    #####..
 Conjure Ball Lightning   Conj/Air       ###.......   75%         6    ######.
 Bolt of Fire             Conj/Fire      #.........   98%         6    ######.
 Dragon Form              Tmut           #.........   100%        7    #######
 Discord                  Hex            ###.......   100%        8    #######
 Dragon's Call            Summ           #####.....   100%        9    #######
 Tornado                  Air            ####......   100%        9    #######


Dungeon Overview and Level Annotations

Branches:
Dungeon (15/15)            Temple (0/1) D:5            Lair (6/6) D:8
  Swamp (0/4) Lair:3        Snake (0/4) Lair:3        Slime (0/5) Lair:5
    Orc (2/2) D:11            Elf (3/3) Orc:2        Vaults (0/5) D:14
 Depths (0/5) D:15

Altars:
Cheibriados
Dithmenos
Gozag
Kikubaaqudgha
Nemelex Xobeh
Okawaru
Ru
Sif Muna
Trog
Uskayaw
Vehumet
Wu Jian
Yredelemnul
The Shining One
Beogh
Jiyva

Shops:
D:5 (:   D:8 *   D:13 !   D:14 [   D:15 *   Orc:1 (   Orc:2 *[(*%

Annotations:
Elf:1 3 runed translucent doors, Dataggej's ghost, adept MiBe; Mayja's ghost, veteran DDBe; Opsifuid's ghost, journeyman BaBe; heteroy's ghost, adept GrFi
Elf:2 3 runed translucent doors


Innate Abilities, Weirdness & Mutations

You cannot wear most types of armour.
You are very stealthy in the water. (Stealth+)
You are amphibious.
You can wear up to eight rings at the same time.
You can use your tentacles to constrict eight enemies at once.
Your skin changes colour to match your surroundings (Stealth+).
Your rubbery body absorbs attacks. (AC +1, EV +1)
You are partially covered in large bone plates. (SH +4)
You have an increased reservoir of magic. (+10% MP)


Message History

The blizzard demon waves its arms in wide circles.
The air twists around and strikes you!
The blizzard demon waves its arms in wide circles.
The air twists around and strikes you!
* * * LOW HITPOINT WARNING * * *
The ghostly deep elf demonologist casts a spell.
There is an open door here.
There is an open door here.
The hellwing swoops through the air toward you!
You block the hellwing's attack. The hellwing misses you.
The Hell Sentinel gestures at you.
The sphere of damnation explodes!
The damnation engulfs you!!
* * * LOW HITPOINT WARNING * * *
You see here a pair of gloves.
The hellwing misses you. You block the hellwing's attack.
There is a stone staircase leading up here.
The Hell Sentinel gestures at you.
The sphere of damnation explodes!
The damnation engulfs you!!!
You die...
Your body glows slightly and disappears.

#.# #.......# #.....#
#.# ##.....## ###'###
#.# ##...## #.# ####'###
##### #.# ##..)..## ###
#.# '.......## ###.###
#.# .........##
###.....### #.#
......2...# #..4......#
#.#
......e...####.[@......#
#.#
.........1'..'.).......#
#.#
.........1####.?.......#
#.# .1........#
#.........## #.#
.........##
###.....##'###.#
#.......)##
###.#####.##.#
##.....##(##########
##.#'#####
###)#####)#.....#
##'..).)# #.# ##).....##
#.).)...


You could see 2 Hell Sentinels and a hellwing.

Vanquished Creatures
  2 deep elf master archers (Elf:3)
  A deep elf blademaster (Elf:3)
  Donald (Elf:3)
  An emperor scorpion (Elf:3)
  3 deep elf sorcerers (Elf:3)
  5 deep elf elementalists (Elf:3)
  An ironheart preserver (D:14)
  A stone giant (shapeshifter) (Elf:2)
  4 deep elf demonologists (Elf:3)
  3 deep elf annihilators
  5 dire elephants
  A red draconian (Volcano)
  A minotaur (Gauntlet)
  4 deep elf death magi (Elf:3)
  Harold (D:8)
  4 deep elf high priests
  A great orb of eyes (Gauntlet)
  5 hydras
  2 centaur warriors
  An anaconda (Lair:6)
  6 two-headed ogres
  16 dancing weapons
  3 death yaks
  9 orc high priests (Orc:2)
  19 deep elf knights
  A wizard (D:14)
  A deep troll (D:13)
  10 deep elf archers
  2 unseen horrors (D:11)
  A lindwurm (Lair:5)
  3 orc knights
  10 ugly things
  3 manticores
  An orc sorcerer (Orc:2)
  A wolf spider (Gauntlet)
  A salamander (D:15)
  50 deep elf magi
  4 cyclopes
  A rust devil (Gauntlet)
  19 elephants
  4 black mambas (Lair:5)
  2 gargoyles
  4 spiny frogs
  A torpor snail (Lair:5)
  2 yaktaurs (D:15)
  3 rime drakes
  A tengu conjurer (D:13)
  10 komodo dragons
  A kobold demonologist (D:12)
  2 efreet (D:15)
  7 trolls
  A queen bee (shapeshifter) (D:14)
  3 meliai (D:13)
  A jumping spider (Gauntlet)
  13 polar bears (IceCv)
  6 slime creatures (D:14)
  2 blink frogs (Lair:1)
  A snapping turtle (Volcano)
  10 hippogriffs
  A blink frog (shapeshifter) (Elf:1)
  A spriggan (shapeshifter) (D:15)
  A tarantella (shapeshifter) (D:15)
  3 water elementals
  7 wraiths
  2 shadows
  A ynoxinul (Gauntlet)
  A fire bat (D:7)
  3 wyverns
  2 fire elementals
  57 yaks
  A basilisk (D:15)
  A vampire (D:13)
  6 hungry ghosts
  A steam dragon (D:12)
  6 wargs
  3 acid dragons
  7 nagas
  Duvessa (D:5)
  8 water moccasins
  A hell hound (D:13)
  7 sky beasts
  20 orc warriors
  12 porcupines
  10 ice beasts
  7 phantoms
  3 black bears
  13 wolves
  10 ogres
  9 centaurs
  17 crocodiles
  Blork the orc (D:5)
  4 big kobolds
  19 bullfrogs
  Dowan (D:5)
  An earth elemental (Elf:1)
  8 scorpions
  3 troll zombies (D:11)
  A wyvern skeleton (D:10)
  9 killer bees
  15 wights
  7 howler monkeys
  An electric eel (Lair:4)
  6 crimson imps
  7 hounds
  3 bullfrog skeletons
  3 centaur skeletons
  30 orc priests
  5 jellies
  Crazy Yiuf (D:5)
  2 iron imps (Gauntlet)
  Terence (D:3)
  7 iguanas
  26 orc wizards
  7 worker ants
  5 ogre zombies (D:11)
  6 big kobold zombies (Ossuary)
  A hound zombie (D:11)
  2 hound skeletons
  A mummy (Ossuary)
  6 gnolls
  12 adders
  5 shadow imps
  2 oozes (D:1)
  An adder skeleton (D:4)
  3 worms
  2 dart slugs
  9 leopard geckos
  117 orcs
  A spectral bat (Ossuary)
  2 ball pythons (D:5)
  12 bats
  6 giant cockroaches
  12 hobgoblins
  12 jackals
  15 kobolds
  A quokka (D:10)
  4 frilled lizards
  6 gnoll zombies (Ossuary)
  9 goblins
  3 goblin skeletons (D:11)
  8 goblin zombies
  A hobgoblin skeleton (D:11)
  9 hobgoblin zombies
  3 kobold zombies (Ossuary)
  A leopard gecko skeleton (D:8)
  3 orc skeletons (D:11)
  16 orc zombies
  7 rats
  2 spectral goblins (Ossuary)
  2 spectral kobolds (Ossuary)
  A fire vortex (Lair:4)
  2 fungi
  3 plants (Lair:6)
985 creatures vanquished.

Vanquished Creatures (collateral kills)
  Rupert (D:12)
  An entropy weaver (Gauntlet)
  A rakshasa (D:13)
  An alligator snapping turtle (IceCv)
  A two-headed ogre (D:10)
  2 death yaks (IceCv)
  A dancing weapon (Elf:3)
  A deep elf knight (Elf:3)
  A deep elf archer (Elf:3)
  A deep elf mage (Elf:3)
  A manticore (D:10)
  Joseph (D:8)
  A torpor snail (Lair:6)
  A yaktaur (Volcano)
  A polar bear (IceCv)
  A hippogriff (D:10)
  3 blink frogs (Lair:1)
  A redback (Gauntlet)
  A fire elemental (D:13)
  2 basilisks (D:8)
  Grum (D:8)
  2 hell hounds (D:13)
  An orc warrior (D:8)
  An ogre (D:9)
  5 centaurs
  A bullfrog (D:9)
  A scorpion (D:4)
  A killer bee (D:9)
  2 crimson imps (D:8)
  A howler monkey (D:8)
  An orc wizard (D:9)
  An iguana (D:8)
  An adder (D:8)
  2 orcs (D:8)
  A quokka (D:8)
  A fungus (Elf:3)
  A plant (Lair:1)
48 creatures vanquished.

Vanquished Creatures (others)
  An orc knight (Orc:2)
  2 orc sorcerers
  2 polar bears (IceCv)
  A yak (IceCv)
  An orc warrior (Orc:1)
  4 wolves (IceCv)
  A centaur (Volcano)
  A hound (D:8)
  An orc wizard (Orc:1)
  A ball lightning (Elf:1)
  An orc (Orc:1)
  A kobold (D:13)
  A demonic plant (Gauntlet)
  10 fungi
  10 plants
38 creatures vanquished.

Grand Total: 1071 creatures vanquished

Notes
Turn   | Place    | Note
-------+----------+-------------------------------------------
     0 | D:1      | platypusbestpuss the Octopode Venom Mage began the quest
                  | for the Orb.
     0 | D:1      | Reached XP level 1. HP: 11/11 MP: 3/3
   247 | D:1      | Reached skill level 1 in Fighting
   247 | D:1      | Reached XP level 2. HP: 15/18 MP: 0/5
   568 | D:1      | Reached XP level 3. HP: 24/24 MP: 2/6
  1438 | D:2      | Learned a level 3 spell: Mephitic Cloud
  1441 | D:2      | Learned a level 2 spell: Poisonous Vapours
  1548 | D:2      | Found a radiant altar of Vehumet.
  1672 | D:2      | Reached XP level 4. HP: 30/30 MP: 4/7
  2168 | D:2      | Reached skill level 1 in Air Magic
  2301 | D:3      | Found an ornate altar of the Wu Jian Council.
  2375 | D:3      | Reached XP level 5. HP: 36/36 MP: 3/8
  2480 | D:3      | Found a deep blue altar of Sif Muna.
  2516 | D:3      | Found a faded altar of an unknown god.
  2737 | D:3      | Noticed Terence
  2743 | D:3      | Killed Terence
  2842 | D:3      | Noticed a phantom
  2874 | D:3      | Found a sparkling altar of Nemelex Xobeh.
  2882 | D:3      | Became a worshipper of Nemelex Xobeh the Trickster
  3020 | D:3      | Received a gift from Nemelex Xobeh
  3043 | D:3      | Found a glowing golden altar of the Shining One.
  3086 | D:3      | Reached skill level 5 in Poison Magic
  3131 | D:3      | Found a bloodstained altar of Trog.
  3386 | D:4      | Found a hide-covered altar of Uskayaw.
  3391 | D:4      | Noticed a +0 dagger
  3391 | D:4      | Noticed a +0 hand axe
  3423 | D:4      | Found a sand-covered staircase.
  3424 | D:4      | Reached * piety under Nemelex Xobeh
  3433 | Ossuary  | Entered an ossuary
  3686 | Ossuary  | Reached XP level 6. HP: 31/42 MP: 9/9
  3999 | Ossuary  | Reached skill level 1 in Invocations
  4578 | D:4      | Found an iron altar of Okawaru.
  4962 | D:4      | Found a shadowy altar of Dithmenos.
  4962 | D:4      | Noticed a phantom
  5199 | D:4      | Found a snail-covered altar of Cheibriados.
  5261 | D:4      | Reached XP level 7. HP: 46/46 MP: 3/10
  5493 | D:4      | Learned a level 4 spell: Olgreb's Toxic Radiance
  5494 | D:5      | Entered Level 5 of the Dungeon
  5502 | D:5      | Reached skill level 1 in Maces & Flails
  5603 | D:5      | Found a basalt altar of Yredelemnul.
  6074 | D:5      | Found a staircase to the Ecumenical Temple.
  6111 | D:5      | Noticed Duvessa
  6124 | D:5      | Noticed Dowan
  6126 | D:5      | Killed Duvessa
  6126 | D:5      | Reached XP level 8. HP: 52/54 MP: 3/12
  6129 | D:5      | Killed Dowan
  6376 | D:5      | Found Toeda's Book Boutique.
  6455 | D:5      | Noticed Blork the orc
  6461 | D:5      | Found Ogis's Antique Weapon Shop.
  6464 | D:5      | Killed Blork the orc
  6464 | D:5      | Reached skill level 1 in Long Blades
  6993 | D:5      | Found a runed translucent door.
  6994 | D:5      | Noticed Crazy Yiuf
  7028 | D:5      | Killed Crazy Yiuf
  7460 | D:4      | Received a gift from Nemelex Xobeh
  7640 | D:6      | Reached ** piety under Nemelex Xobeh
  7947 | D:6      | Reached skill level 5 in Dodging
  7995 | D:6      | Received a gift from Nemelex Xobeh
  8278 | D:6      | Found an opulent altar of Gozag.
  8286 | D:6      | Reached skill level 5 in Invocations
  8286 | D:6      | Reached XP level 9. HP: 58/58 MP: 13/13
  8564 | D:7      | Noticed a hornet
  8565 | D:7      | a hornet changed into a fire bat
 10058 | D:8      | Reached *** piety under Nemelex Xobeh
 10060 | D:8      | Received a gift from Nemelex Xobeh
 10204 | D:8      | Noticed Joseph
 10207 | D:8      | Gained mutation: You are partially covered in large bone
                  | plates. (SH +4) [potion of mutation]
 10207 | D:8      | Gained mutation: You have an increased reservoir of magic.
                  | (+10% MP) [potion of mutation]
 10569 | D:8      | Killed Joseph
 10597 | D:8      | Reached skill level 5 in Maces & Flails
 10605 | D:8      | Noticed Harold
 10611 | D:8      | Reached XP level 10. HP: 65/65 MP: 16/16
 10630 | D:8      | Killed Harold
 10630 | D:8      | Reached skill level 5 in Fighting
 10650 | D:8      | Noticed Grum
 10669 | D:8      | Identified the +1 long sword of the Throat {venom, rElec
                  | MR++ Dex-4}
 10681 | D:8      | Killed Grum
 11000 | D:8      | Found a staircase to the Lair.
 11030 | D:8      | Found an opulent altar of Gozag.
 11125 | D:8      | Found Zius's Assorted Antiques.
 11126 | D:8      | Noticed a two-headed ogre
 11141 | D:8      | Killed a two-headed ogre
 11141 | D:8      | Reached skill level 1 in Evocations
 11542 | D:8      | Bought a scroll labeled AKAUFE CAFEF for 20 gold pieces
 11542 | D:8      | Bought a scroll of teleportation for 60 gold pieces
 11542 | D:8      | Bought a scroll labeled HAIRCH XAEFAA for 20 gold pieces
 11542 | D:8      | Bought a long lead wand for 80 gold pieces
 11542 | D:8      | Bought a jewelled glass wand for 80 gold pieces
 11944 | D:9      | Found an opulent altar of Gozag.
 12775 | D:9      | Found an ancient bone altar of Kikubaaqudgha.
 12823 | D:9      | Noticed a two-headed ogre
 12832 | D:9      | Killed a two-headed ogre
 12832 | D:9      | Reached skill level 2 in Shields
 12832 | D:9      | Reached XP level 11. HP: 62/72 MP: 18/18
 13033 | D:9      | Reached skill level 3 in Shields
 13280 | D:9      | Received a gift from Nemelex Xobeh
 13400 | D:9      | Found a sacrificial altar of Ru.
 13591 | D:10     | Entered Level 10 of the Dungeon
 13911 | D:10     | Noticed a two-headed ogre
 13920 | D:10     | a two-headed ogre changed into an elephant
 13928 | D:10     | Reached skill level 4 in Shields
 14485 | D:10     | Reached skill level 5 in Shields
 14636 | D:10     | Noticed a manticore
 14645 | D:10     | Killed a manticore
 15046 | D:10     | Received a gift from Nemelex Xobeh
 15081 | D:10     | Noticed a two-headed ogre
 15091 | D:10     | Killed a two-headed ogre
 15240 | D:10     | Reached **** piety under Nemelex Xobeh
 15260 | D:10     | Reached skill level 6 in Shields
 15607 | D:5      | Bought an ancient spear for 208 gold pieces
 15607 | D:5      | Identified the cursed +1 spear "Kuirra" {drain, +Fly rC+
                  | SInv} (You bought it in a shop on level 5 of the Dungeon)
 15704 | D:11     | Noticed an unseen horror
 15711 | D:11     | Killed an unseen horror
 15832 | D:11     | Reached XP level 12. HP: 70/82 MP: 19/19
 15868 | D:11     | Found a frozen archway.
 15877 | IceCv    | Entered an ice cave
 16456 | IceCv    | Received a gift from Nemelex Xobeh
 16468 | IceCv    | Noticed a death yak
 16468 | IceCv    | Noticed a death yak
 16500 | IceCv    | Killed a death yak
 16500 | IceCv    | Reached skill level 7 in Shields
 16504 | IceCv    | Killed a death yak
 16601 | IceCv    | Reached skill level 10 in Dodging
 17419 | IceCv    | Noticed a frost giant
 18194 | IceCv    | Noticed an alligator snapping turtle
 18194 | IceCv    | a frost giant changed into an alligator snapping turtle
 18381 | IceCv    | Killed an alligator snapping turtle
 19244 | D:11     | Found the +5 robe of Night {Dark MR+ SInv}
 19724 | D:11     | Reached skill level 8 in Shields
 19846 | D:11     | Reached skill level 10 in Maces & Flails
 20014 | D:11     | Reached XP level 13. HP: 75/90 MP: 21/21
 20158 | D:11     | Found a staircase to the Orcish Mines.
 20473 | D:11     | Received a gift from Nemelex Xobeh
 20643 | D:8      | Bought a scroll of enchant armour for 150 gold pieces
 20677 | Lair:1   | Entered Level 1 of the Lair of Beasts
 21358 | Lair:1   | Received a gift from Nemelex Xobeh
 21362 | Lair:1   | You fall through a shaft!
 21474 | Lair:2   | Reached skill level 9 in Shields
 21759 | Lair:2   | Received a gift from Nemelex Xobeh
 21776 | Lair:2   | Found a dark tunnel.
 21785 | Volcano  | Entered a volcano
 21793 | Volcano  | Reached ***** piety under Nemelex Xobeh
 22029 | Volcano  | Found a burning altar of Makhleb.
 22030 | Volcano  | Noticed a red draconian
 22073 | Volcano  | Killed a red draconian
 23395 | Lair:1   | Received a gift from Nemelex Xobeh
 23764 | Lair:3   | Received a gift from Nemelex Xobeh
 23802 | Lair:3   | Found a staircase to the Swamp.
 23873 | Lair:3   | Found a gate leading to a gauntlet.
 23892 | Gauntlet | Entered a Gauntlet
 23892 | Gauntlet | Found a transporter.
 23892 | Gauntlet | Found a transporter.
 23896 | Gauntlet | Found a transporter.
 23896 | Gauntlet | Found a transporter.
 23905 | Gauntlet | Found a transporter.
 23924 | Gauntlet | Found a transporter.
 23934 | Gauntlet | Found a transporter.
 23934 | Gauntlet | Found a transporter.
 23934 | Gauntlet | Noticed an entropy weaver
 23938 | Gauntlet | Found a transporter.
 23965 | Gauntlet | Found a transporter.
 23972 | Gauntlet | Found a transporter.
 24016 | Gauntlet | Found a transporter.
 24027 | Gauntlet | Found a transporter.
 24048 | Gauntlet | Found a transporter.
 24145 | Gauntlet | Found a transporter.
 24159 | Gauntlet | Noticed a great orb of eyes
 24160 | Gauntlet | Found a transporter.
 24298 | Gauntlet | Reached skill level 10 in Shields
 24372 | Gauntlet | Reached skill level 10 in Fighting
 24379 | Gauntlet | Killed a great orb of eyes
 24392 | Gauntlet | Got a brightly glowing tin amulet
 24423 | Gauntlet | Killed an entropy weaver
 24468 | Gauntlet | Got an ichor-stained hunting sling
 24470 | Gauntlet | Got a heavily runed lapis lazuli ring
 24477 | Gauntlet | Identified the ring of the Invisible Gods {Wiz rC+ Int+2
                  | Dex-3} (You found it in a Gauntlet)
 24525 | Gauntlet | Identified the ring "Gyamyvvo" {+Fly Int+2 Stlth-}
 24525 | Gauntlet | Noticed a minotaur
 24533 | Gauntlet | Killed a minotaur
 24541 | Gauntlet | Identified the amulet "Zyatz" {Gourm Dex+2 Slay+2} (You
                  | found it in a Gauntlet)
 24544 | Lair:3   | Identified the +10 hunting sling "Cetsauh" {velocity, MP+9
                  | Int+4} (You found it in a Gauntlet)
 24560 | Lair:3   | Received a gift from Nemelex Xobeh
 24996 | Lair:3   | Found a staircase to the Snake Pit.
 25316 | Lair:3   | Learned a level 3 spell: Regeneration
 25456 | Lair:4   | Reached skill level 11 in Shields
 25456 | Lair:4   | Reached XP level 14. HP: 99/99 MP: 22/22
 25936 | Lair:4   | Received a gift from Nemelex Xobeh
 26310 | Lair:5   | Received a gift from Nemelex Xobeh
 26917 | Lair:5   | Found a viscous altar of Jiyva.
 26917 | Lair:5   | Found a staircase to the Slime Pits.
 26958 | Lair:5   | Received a gift from Nemelex Xobeh
 27753 | Lair:5   | Received a gift from Nemelex Xobeh
 27838 | Lair:6   | Entered Level 6 of the Lair of Beasts
 27838 | Lair:6   | Reached ****** piety under Nemelex Xobeh
 27984 | Lair:5   | Reached skill level 12 in Shields
 28475 | Lair:6   | Received a gift from Nemelex Xobeh
 29490 | Lair:6   | Identified the Disquisition on Orientation and Combat Magic
 29707 | Lair:6   | Noticed a dire elephant
 29707 | Lair:6   | Noticed a dire elephant
 29716 | Lair:6   | Killed a dire elephant
 29727 | Lair:6   | Killed a dire elephant
 29742 | Lair:6   | Got a fine lajatang
 29782 | Lair:6   | Noticed a dire elephant
 29783 | Lair:6   | Noticed a dire elephant
 29806 | Lair:6   | Killed a dire elephant
 29812 | Lair:6   | Killed a dire elephant
 29994 | Lair:6   | Received a gift from Nemelex Xobeh
 30539 | D:5      | Learned a level 4 spell: Summon Lightning Spire
 30539 | D:5      | Bought a book of Minor Magic for 240 gold pieces
 30542 | D:5      | Learned a level 2 spell: Blink
 31047 | D:12     | Received a gift from Nemelex Xobeh
 31161 | D:12     | Reached skill level 1 in Translocations
 31425 | D:12     | Noticed Rupert
 31433 | D:12     | Killed Rupert
 31433 | D:12     | Reached skill level 1 in Summonings
 31433 | D:12     | Reached XP level 15. HP: 107/107 MP: 24/24
 32072 | D:12     | Learned a level 1 spell: Apportation
 32074 | D:12     | Learned a level 1 spell: Animate Skeleton
 32393 | D:13     | Noticed Josephine
 32398 | D:13     | Noticed Josephine
 32398 | D:13     | Josephine changed into Josephine the deep troll
 32399 | D:13     | Killed Josephine the deep troll
 32562 | D:12     | Reached skill level 5 in Evocations
 32565 | D:12     | Reached skill level 1 in Charms
 32584 | D:13     | Found Yneumm's Distillery.
 32605 | D:13     | Received a gift from Nemelex Xobeh
 32661 | D:13     | Noticed Azrael
 32691 | D:13     | Noticed Azrael
 32691 | D:13     | Azrael changed into Azrael the rakshasa
 32974 | D:13     | Bought 2 potions of heal wounds for 150 gold pieces
 32974 | D:13     | Bought a potion of might for 60 gold pieces
 32974 | D:13     | Bought a potion of invisibility for 120 gold pieces
 32974 | D:13     | Bought a potion of curing for 45 gold pieces
 33006 | D:13     | Killed Azrael the rakshasa
 33006 | D:13     | Reached skill level 1 in Necromancy
 33823 | D:14     | Received a gift from Nemelex Xobeh
 34104 | D:14     | Reached skill level 13 in Shields
 34688 | D:14     | Found a gate to the Vaults.
 35157 | D:14     | Received a gift from Nemelex Xobeh
 35592 | D:14     | Found Xompo's Armour Shop.
 35763 | D:15     | Entered Level 15 of the Dungeon
 35805 | D:15     | Received a gift from Nemelex Xobeh
 36001 | D:15     | Found a staircase to the Depths.
 36494 | D:15     | Received a gift from Nemelex Xobeh
 36546 | D:15     | Found Cearumor's General Store.
 36695 | D:15     | Bought a scroll of identify for 34 gold pieces
 36992 | D:15     | Got a brightly glowing morningstar
 36995 | D:15     | Identified the +5 morningstar of the Orb {flame, Dex+5}
                  | (You found it on level 15 of the Dungeon)
 37320 | D:13     | Bought a potion of curing for 45 gold pieces
 37320 | D:13     | Bought a potion of heal wounds for 75 gold pieces
 37377 | Orc:1    | Entered Level 1 of the Orcish Mines
 37590 | Orc:1    | Received a gift from Nemelex Xobeh
 37719 | Orc:2    | Entered Level 2 of the Orcish Mines
 37719 | Orc:2    | Found a staircase to the Elven Halls.
 38107 | Orc:1    | Found Vuly's Antique Weapon Emporium.
 38321 | Orc:2    | Found Cesothyj's Antique Weapon Boutique.
 38418 | Orc:2    | Reached XP level 16. HP: 92/114 MP: 25/25
 38590 | Orc:2    | Found a roughly hewn altar of Beogh.
 38649 | Orc:2    | Found Vihyetug's General Store.
 38808 | Orc:2    | Found Gisatiwnol's Food Shop.
 39146 | Orc:2    | Found Plog's Antique Armour Shop.
 39169 | Orc:2    | Found Deri's General Store.
 39437 | Orc:2    | Bought a scroll of identify for 32 gold pieces
 39437 | Orc:2    | Bought a potion of curing for 48 gold pieces
 39510 | Orc:2    | Reached skill level 5 in Spellcasting
 39768 | Orc:2    | Received a gift from Nemelex Xobeh
 40286 | D:15     | Bought a wand of clouds (7) for 561 gold pieces
 40425 | Orc:2    | Bought a scroll of enchant armour for 90 gold pieces
 40425 | Orc:2    | Bought a potion of magic for 96 gold pieces
 40425 | Orc:2    | Bought a scroll of teleportation for 36 gold pieces
 40425 | Orc:2    | Bought a potion of might for 48 gold pieces
 40432 | Orc:2    | Learned a level 5 spell: Silence
 40554 | D:13     | Learned a level 5 spell: Summon Forest
 40655 | Elf:1    | Entered Level 1 of the Elven Halls
 41455 | Elf:1    | Reached skill level 1 in Hexes
 41809 | Elf:1    | Found a runed translucent gate.
 41810 | Elf:1    | Found a runed translucent gate.
 41811 | Elf:1    | Found a runed translucent gate.
 41812 | Elf:1    | Noticed Dataggej's ghost (adept MiBe)
 41812 | Elf:1    | Noticed heteroy's ghost (adept GrFi)
 41812 | Elf:1    | Noticed Mayja's ghost (veteran DDBe)
 41812 | Elf:1    | Noticed Opsifuid's ghost (journeyman BaBe)
 42028 | Elf:1    | Reached skill level 5 in Air Magic
 43103 | Elf:1    | Reached skill level 14 in Shields
 43768 | Elf:1    | Reached skill level 5 in Summonings
 43895 | Elf:1    | Received a gift from Nemelex Xobeh
 45934 | Elf:2    | Reached XP level 17. HP: 88/120 MP: 26/29
 46071 | Elf:2    | Received a gift from Nemelex Xobeh
 46071 | Elf:2    | Found a runed translucent gate.
 46071 | Elf:2    | Found a runed translucent gate.
 46173 | Elf:2    | Found a runed translucent gate.
 46472 | Elf:3    | Entered Level 3 of the Elven Halls
 46820 | Elf:3    | Reached skill level 15 in Shields
 46827 | Elf:3    | Received a gift from Nemelex Xobeh
 47796 | Elf:3    | Noticed Donald
 47813 | Elf:3    | Killed Donald
 47994 | Elf:3    | Reached skill level 5 in Charms
 48166 | Elf:3    | Learned a level 6 spell: Deflect Missiles
 48448 | Elf:3    | Noticed a deep elf master archer
 48461 | Elf:3    | Killed a deep elf master archer
 49044 | Elf:3    | Noticed a deep elf master archer
 49055 | Elf:3    | Killed a deep elf master archer
 49080 | Elf:3    | Identified the +0 chain mail of Dudedgho {rC++ Regen+ Int-4
                  | Dex+4}
 49080 | Elf:3    | Noticed a deep elf blademaster
 49091 | Elf:3    | Killed a deep elf blademaster
 49197 | Elf:3    | Noticed an Executioner
 49198 | Elf:3    | Identified the cursed +1 hand axe of Ashenzari's Supremacy
                  | {flame, rF+ Str+3 Int+4}
 49199 | Elf:3    | Identified the +7 lajatang of the Wasteland {vamp, rN+
                  | Str+2 Dex-5}
 49199 | Elf:3    | Identified the ring "Qakos" {Wiz Dex+4 Stlth+}
 49210 | Elf:3    | Identified the cursed +0 large shield "Tiowkil" {Str+4}
 49267 | Elf:3    | Reached XP level 18. HP: 76/129 MP: 33/33
 49527 | Elf:3    | Identified the +0 war axe "Mici" {drain, rF+ Stlth+}
 49536 | Elf:3    | Noticed a Hell Sentinel
 49557 | Elf:3    | Noticed a Hell Sentinel
 49563 | Elf:3    | Killed from afar by a Hell Sentinel

Skill      XL: |  1  2  3  4  5  6  7  8  9 10 11 12 13 14 15 16 17 |
---------------+----------------------------------------------------+-----
Fighting       | 1 2 3 4 6 7 9 10 11 12 13 | 13.7
Stealth        | 3 4 |  4.0
Poison Magic   | 4 5 |  5.0
Air Magic      | 1 2 3 4 6 |  6.0
Invocations    | 1 3 5 6 8 9 |  9.4
Dodging        | 3 4 5 8 9 11 | 11.0
Maces & Flails | 3 4 5 7 8 10 11 12 | 12.0
Spellcasting   | 3 4 6 8 |  8.0
Long Blades    | 1 |  1.9
Evocations     | 2 4 5 |  5.0
Shields        | 2 6 8 11 12 13 14 15 | 15.0
Translocations | 1 4 |  4.0
Summonings     | 1 3 6 9 |  9.2
Charms         | 3 5 |  5.0
Necromancy     | 3 |  3.4
Hexes          | 4 |  4.0
Conjurations   | |  1.0

Action                   |  1- 3 |  4- 6 |  7- 9 | 10-12 | 13-15 | 16-18 || total
-------------------------+-------+-------+-------+-------+-------+-------++-------
Melee: Unarmed           |    14 |       |       |       |       |       ||    14
       Constrict         |     9 |    50 |    49 |    90 |   112 |   132 ||   442
       Tentacles         |     9 |    43 |    63 |   152 |   318 |   163 ||   748
       Club              |    30 |    24 |       |       |       |       ||    54
       Mace              |       |   130 |       |       |       |       ||   130
       Short sword       |       |    50 |       |       |       |       ||    50
       Flail             |       |       |   203 |   704 |   152 |       ||  1059
       Falchion          |       |       |    27 |       |       |       ||    27
       Spear             |       |       |       |    32 |       |    19 ||    51
       Demon whip        |       |       |       |       |  1367 |   816 ||  2183
Throw: Throwing net      |       |       |       |       |       |     7 ||     7
 Cast: Sting             |    53 |    30 |       |       |       |       ||    83
       Poisonous Vapours |       |     8 |    29 |    16 |       |       ||    53
       Mephitic Cloud    |       |     3 |    15 |    54 |    16 |    10 ||    98
       Olgreb's Toxic Ra |       |       |       |     6 |    10 |       ||    16
       Animate Skeleton  |       |       |       |       |     2 |       ||     2
       Silence           |       |       |       |       |       |    21 ||    21
       Summon Lightning  |       |       |       |       |       |     1 ||     1
       Regeneration      |       |       |       |       |       |     5 ||     5
       Deflect Missiles  |       |       |       |       |       |     2 ||     2
Invok: Triple Draw       |       |       |     1 |     1 |       |       ||     2
 Abil: Draw Summoning    |       |     1 |     1 |     9 |    14 |     6 ||    31
       Draw Destruction  |       |       |     7 |    21 |    37 |    23 ||    88
       Draw Escape       |       |       |       |     1 |       |     4 ||     5
Evoke: Wand              |       |       |     9 |    63 |    40 |     3 ||   115
  Use: Scroll            |       |     6 |     5 |     8 |    26 |     7 ||    52
       Potion            |       |       |     2 |     1 |     8 |     6 ||    17
 Stab: Sleeping          |     6 |    19 |     9 |     8 |    26 |     9 ||    77
       Confused          |       |     1 |     5 |    32 |     3 |     2 ||    43
       Distracted        |       |     3 |     1 |     4 |     5 |       ||    13
       Paralysed         |       |       |       |     2 |       |       ||     2
       Petrified         |       |       |       |       |     3 |       ||     3
       Petrifying        |       |       |       |       |     2 |       ||     2
       Held in net/web   |       |       |       |       |       |     2 ||     2
  Eat: Chunk             |     3 |     9 |    11 |    30 |    39 |    21 ||   113
       Ration            |       |     1 |     3 |     3 |     8 |     7 ||    22
Armor: Skin              |     6 |    13 |    31 |    21 |     7 |     3 ||    81
Dodge: Dodged            |    42 |   122 |   163 |   420 |   427 |   138 ||  1312
       Deflected         |       |       |       |       |       |     3 ||     3
Block: Other             |       |       |       |    17 |       |       ||    17
       Buckler           |       |       |       |   311 |    28 |       ||   339
       Shield            |       |       |       |       |   789 |   384 ||  1173
       Rpst.: Falchion   |       |       |    12 |       |       |       ||    12
